 Dungeon Crawl Stone Soup version 0.20.1-1-g8b1a95d (webtiles) character file.

44 Hebeh the Conjurer (level 3, 0/28 HPs)
             Began as a Naga Conjurer on Oct 26, 2017.
             Succumbed to a worker ant's poison
             ... on level 1 of the Dungeon.
             The game lasted 00:16:46 (1748 turns).

Hebeh the Conjurer (Naga Conjurer)                  Turns: 1748, Time: 00:16:47

Health: 0/28       AC:  2    Str: 10    XL:     3   Next: 60%
Magic:  2/6        EV: 10    Int: 16    God:
Gold:   36         SH:  0    Dex: 11    Spells: 3/6 levels left

rFire    . . .     SeeInvis +   (no weapon)
rCold    . . .     Gourm    .   (no shield)
rNeg     . . .     Faith    .   a - +0 robe
rPois    +         Spirit   .   (no helmet)
rElec    .         Reflect  .   (no cloak)
rCorr    +         Harm     .   (no gloves)
MR       .....                  (no barding)
Stlth    ++........             (no amulet)
Regen    0.1/turn               m - ring of resist corrosion
MPRegen  0.1/turn               (no ring)

@: lethally poisoned (0 -> -3), very slow
A: see invisible, deformed body, poison resistance, slowness 2, slow metabolism
1, spit poison 1, AC +1
a: Spit Poison


You were on level 1 of the Dungeon.
You were hungry.

You visited 1 branch of the dungeon, and saw 2 of its levels.

You collected 36 gold pieces.

Inventory:

Hand Weapons
 f - a +0 club
 h - a +0 dagger
 n - a +0 dagger
Missiles
 d - 15 sling bullets
 e - 42 stones (quivered)
 g - 9 poisoned needles
 l - 29 arrows
Armour
 a - a +0 robe (worn)
Jewellery
 m - a ring of resist corrosion (left hand)
Scrolls
 i - 3 scrolls of remove curse {unknown}
Potions
 k - a potion of degeneration {unknown}
Books
 b - a book of Conjurations

   Spells                             Type                      Level
   a - Magic Dart                     Conjuration                  1
   b - Searing Ray                    Conjuration                  2
   c - Dazzling Spray                 Conjuration/Hexes            3
   d - Fulminant Prism                Conjuration/Hexes            4
   e - Force Lance                    Conjuration/Translocation    4
   f - Iskenderun's Mystic Blast      Conjuration                  4
Comestibles
 c - a bread ration
 j - a royal jelly
 o - 3 fruits


   Skills:
 + Level 1.9 Dodging
 + Level 3.3 Stealth
 + Level 2.2 Spellcasting
 + Level 4.8 Conjurations


You had 3 spell levels left.
You knew the following spells:

 Your Spells              Type           Power        Failure   Level  Hunger
a - Magic Dart            Conj           ###.         2%          1    #......
b - Searing Ray           Conj           ###...       4%          2    ###....


Dungeon Overview and Level Annotations

Branches:
Dungeon (2/15)

Altars:


Innate Abilities, Weirdness & Mutations

You cannot wear boots.
Your serpentine skin is tough. (AC +1)
You have supernaturally acute eyesight. (SInv)
Armour fits poorly on your strangely shaped body.
Your system is resistant to poisons. (rPois)
You cover ground very slowly.
You have a slow metabolism.
You can spit poison.


Message History

You feel slightly more hungry. The worker ant bites you.
* * * LOW HITPOINT WARNING * * *
You are lethally poisoned!
The worker ant poisons you!
* * * LOW HITPOINT WARNING * * *
You feel sick. The worker ant misses you.
There is an open door here.
* * * LOW HITPOINT WARNING * * *
You feel sick. The worker ant closely misses you.
* * * LOW HITPOINT WARNING * * *
You feel sick.
* * * LOW HITPOINT WARNING * * *
You feel sick. The worker ant barely misses you.
You have got your breath back.
The worker ant bites you.
* * * LOW HITPOINT WARNING * * *
* * * LOW HITPOINT WARNING * * *
You feel sick. The worker ant closely misses you.
You die...

..##.######## #.# ####.#
#.# #.# #.####### ##+##
#.......# ##...##
#..####.# ##.....##
###..# #.# #.......##
##.#..## #.#
.........####......# #.#
.........'....a.@..# #.#
.........####...#..###.#
#.......## ##.##......#
##.....## #####.#####
##...## #.# ##'## ###.#
#.# #...# #.# #.###
##.###########.#


You could see a worker ant.

Vanquished Creatures
  An ooze (D:1)
  2 dart slugs (D:1)
  A giant cockroach (D:1)
  5 goblins (D:1)
  6 hobgoblins (D:1)
  4 jackals (D:1)
  3 kobolds (D:1)
  4 bats (D:1)
  2 frilled lizards (D:1)
  4 rats (D:1)
32 creatures vanquished.

Notes
Turn   | Place    | Note
-------+----------+-------------------------------------------
     0 | D:1      | Hebeh the Naga Conjurer began the quest for the Orb.
     0 | D:1      | Reached XP level 1. HP: 15/15 MP: 3/3
   261 | D:1      | Reached XP level 2. HP: 22/22 MP: 1/5
   308 | D:1      | Learned a level 2 spell: Searing Ray
   867 | D:1      | Reached XP level 3. HP: 28/28 MP: 4/6
  1746 | D:1      | HP: 1/28 [poisoned by a worker ant]
  1748 | D:1      | Succumbed to a worker ant's poison

Action                   || total
-------------------------++-------
 Cast: Magic Dart        ||    25
       Searing Ray       ||     2
 Abil: Spit Poison       ||    28
  Eat: Chunk             ||     3
Armor: Robe              ||     2
Dodge: Dodged            ||    11
